 Dungeon Crawl Stone Soup version 0.16.1 (webtiles) character file.

10775 FedoraBrony69 the Grappler (level 11, -3/172 HPs)
             Began as a Troll Monk on May 7, 2015.
             Slain by an eight-headed hydra (8 damage)
             ... on level 2 of the Lair of Beasts.
             The game lasted 00:32:44 (10896 turns).

FedoraBrony69 the Grappler (Troll Monk)            Turns: 10896, Time: 00:32:44

Health: -3/172     AC:  6    Str: 29    XL:     11   Next: 40%
Magic:  0/7        EV: 14    Int:  6    God:
Gold:   671        SH:  0    Dex: 12    Spells: 0 memorised, 10 levels left

rFire  . . .     SeeInvis .       - Unarmed
rCold  . . .     Clarity  .     a - +0 robe
rNeg   . . .     SustAb   +     (shield restricted)
rPois  .         Gourm    +     (helmet restricted)
rElec  .         Spirit   +     o - +0 cloak
rCorr  .         Warding  .     (gloves unavailable)
rMut   .         Stasis   .     (boots unavailable)
MR     +....                    p - amulet of guardian spirit
Stlth  ..........               H - ring of protection from magic
                                G - ring of sustain abilities

@: berserking, very quick, somewhat resistant to hostile enchantments, extremely
unstealthy
A: unfitting armour, claws 3, fast metabolism 3, gourmand, regeneration 2,
shaggy fur 1, tough skin 2
a: no special abilities


You were on level 2 of the Lair of Beasts.
You were very full.

You visited 3 branches of the dungeon, and saw 12 of its levels.

You collected 671 gold pieces.

Inventory:

Armour
 a - a +0 robe (worn)
 o - a +0 cloak (worn)
Jewellery
 p - an amulet of guardian spirit (around neck)
 G - a ring of sustain abilities (left claw)
 H - a ring of protection from magic (right claw)
Magical devices
 q - a wand of cold (6)
 A - a wand of lightning (7)
 D - a wand of draining (7)
 J - a wand of digging (22)
 L - a wand of cold (7)
 M - a wand of draining (4)
Scrolls
 d - 7 scrolls of recharging
 e - 3 scrolls of teleportation
 g - 2 scrolls of enchant weapon
 l - 2 scrolls of blinking
 m - 5 scrolls of remove curse
 s - a scroll of holy word {unknown}
 t - 2 scrolls of amnesia {unknown}
 u - 3 scrolls of magic mapping {unknown}
 v - a scroll of brand weapon {unknown}
 y - a scroll of identify
 B - a scroll of random uselessness {unknown}
 C - a scroll of silence {unknown}
 I - a scroll of fog {unknown}
 P - a scroll of fear {unknown}
 X - a scroll of immolation {unknown}
 Y - a scroll of vulnerability {unknown}
 Z - 2 scrolls of enchant armour {unknown}
Potions
 f - a potion of restore abilities {unknown}
 h - 4 potions of curing
 r - a potion of heal wounds
 w - a potion of might
 x - 2 potions of poison
 K - a potion of haste
 N - 2 potions of flight
Books
 c - a book of Conjurations

   Spells                             Type                      Level
   a - Magic Dart                     Conjuration                  1
   b - Searing Ray                    Conjuration                  2
   c - Dazzling Spray                 Conjuration/Hexes            3
   d - Fulminant Prism                Conjuration/Hexes            4
   e - Iskenderun's Mystic Blast      Conjuration                  4
   f - Iskenderun's Battlesphere      Conjuration/Charms           5
Comestibles
 b - 4 meat rations
 i - 4 beef jerkies
 j - 35 fruits
 k - 10 slices of pizza
 n - 5 bread rations
 z - 4 chunks of flesh


   Skills:
 + Level 9.1 Fighting
 + Level 9.1 Dodging
 - Level 1.1 Stealth
 + Level 11.1 Unarmed Combat
 + Level 2.0 Evocations


You had 10 spell levels left.
You didn't know any spells.

Dungeon Overview and Level Annotations

Branches:
Dungeon (9/15)             Temple (1/1) D:4            Lair (2/8) D:9
    Orc: D:9-12

Altars:
Ashenzari
Cheibriados
Dithmenos
Elyvilon
Fedhas
Gozag
Kikubaaqudgha
Makhleb
Nemelex Xobeh
Okawaru
Qazlal
Ru
Sif Muna
Trog
Vehumet
Xom
Yredelemnul
Zin
The Shining One

Annotations:
D:9 1 runed door


Innate Abilities, Weirdness & Mutations

You are too large for most types of armour.
You have claws for hands.
Your metabolism is lightning-fast.
You like to eat raw meat.
You heal very quickly.
You are covered in fur (AC +1).
You have very tough skin (AC +2).


Message History

The eight-headed hydra barely misses you. x2
The eight-headed hydra bites you but does no damage.
The eight-headed hydra closely misses you.
You are too injured to fight recklessly!
Drink which item? (? for menu, Esc to quit)
A red film seems to cover your vision as you go berserk!
You feel yourself moving faster!
You feel mighty! The eight-headed hydra bites you!
* * * LOW HITPOINT WARNING * * *
The eight-headed hydra bites you.
* * * LOW HITPOINT WARNING * * *
The eight-headed hydra barely misses you.
The eight-headed hydra misses you. The eight-headed hydra bites you!
* * * LOW HITPOINT WARNING * * *
The eight-headed hydra bites you!
* * * LOW HITPOINT WARNING * * *
The eight-headed hydra bites you!
* * * LOW HITPOINT WARNING * * *
The eight-headed hydra bites you!
You die...

## .. ##.## #....###
.# #......## ...##
##...D...### .....#
#.....@....## #....
#...........## ####.
#............# #P
#............# ##.
#...........P#
######..
............##
#.#.##.. ..........##
###......
.........####...<....
...........P.........


You could see an eight-headed hydra (bleeding).

Vanquished Creatures
  A hill giant (D:9)
  A black mamba (Lair:2)
  2 spiny frogs (Lair:1)
  3 komodo dragons (Lair:1)
  3 blink frogs (Lair:1)
  A hungry ghost (D:9)
  15 yaks
  A human (D:9)
  2 wraiths (D:8)
  A hippogriff (D:9)
  Edmund (D:5)
  Menkaure (D:6)
  2 orc warriors
  A black bear (D:9)
  2 porcupines (Lair:1)
  3 ice beasts
  2 phantoms
  5 ogres
  3 crocodiles (Lair:1)
  7 centaurs
  10 giant frogs
  Blork the orc (D:5)
  A wyvern zombie (D:9)
  5 scorpions
  A water moccasin skeleton (D:9)
  4 killer bees (D:7)
  A wight (D:9)
  An electric eel (D:9)
  2 crimson imps
  2 giant frog zombies
  4 goliath beetles
  A giant frog skeleton (D:5)
  Crazy Yiuf (D:3)
  9 hounds
  4 jellies
  5 orc wizards
  8 worker ants
  4 orc priests
  4 iguanas
  4 sheep (D:9)
  Terence (D:3)
  7 gnolls
  12 adders
  A shadow imp (D:7)
  7 worms
  3 adder skeletons
  3 giant geckos
  2 oozes (D:1)
  29 orcs
  12 bats
  A bat zombie (D:8)
  2 giant cockroaches
  6 goblins
  10 hobgoblins
  12 kobolds
  4 quokkas
  3 ball pythons
  A giant cockroach zombie (D:5)
  A giant gecko skeleton (D:6)
  4 giant newts
  A giant spore (D:9)
  10 jackals
  10 rats
  5 ballistomycetes
276 creatures vanquished.

Vanquished Creatures (others)
  A giant spore (D:8)
1 creature vanquished.

Grand Total: 277 creatures vanquished

Notes
Turn   | Place    | Note
--------------------------------------------------------------
     0 | D:1      | FedoraBrony69, the Troll Monk, began the quest for the Orb.
     0 | D:1      | Reached XP level 1. HP: 22/22 MP: 1/1
   133 | D:1      | Reached XP level 2. HP: 26/29 MP: 1/1
   462 | D:1      | Reached XP level 3. HP: 36/36 MP: 2/2
   579 | D:2      | Found a shadowy altar of Dithmenos.
   689 | D:2      | Found a deep blue altar of Sif Muna.
  1050 | D:2      | Reached XP level 4. HP: 35/45 MP: 2/2
  1219 | D:3      | Noticed Terence
  1231 | D:3      | Killed Terence
  1231 | D:3      | Reached skill level 5 in Unarmed Combat
  1311 | D:3      | Reached XP level 5. HP: 53/53 MP: 2/2
  1417 | D:3      | Noticed Crazy Yiuf
  1426 | D:3      | Killed Crazy Yiuf
  1706 | D:3      | Found a white marble altar of Elyvilon.
  1928 | D:4      | Reached XP level 6. HP: 52/62 MP: 3/3
  2093 | D:4      | Found a staircase to the Ecumenical Temple.
  2126 | Temple   | Entered the Ecumenical Temple
  2259 | D:4      | Found a sparkling altar of Nemelex Xobeh.
  2856 | D:5      | Entered Level 5 of the Dungeon
  3100 | D:5      | Noticed Blork the orc
  3102 | D:5      | Noticed Edmund
  3108 | D:5      | Killed Blork the orc
  3108 | D:5      | Reached XP level 7. HP: 58/71 MP: 3/3
  3116 | D:5      | Killed Edmund
  3116 | D:5      | Reached skill level 6 in Unarmed Combat
  3248 | D:5      | Found a shattered altar of Ashenzari.
  3455 | D:5      | Found a shimmering altar of Xom.
  3529 | D:5      | Reached skill level 5 in Fighting
  3645 | D:5      | Reached skill level 5 in Dodging
  3645 | D:5      | Reached XP level 8. HP: 71/80 MP: 3/3
  4043 | D:6      | Reached skill level 7 in Unarmed Combat
  4147 | D:6      | Found an opulent altar of Gozag.
  4503 | D:6      | Noticed Menkaure
  4510 | D:6      | Killed Menkaure
  4827 | D:7      | Found a stormy altar of Qazlal.
  5042 | D:7      | Found a sacrificial altar of Ru.
  5263 | D:7      | Reached skill level 8 in Unarmed Combat
  5276 | D:7      | Reached XP level 9. HP: 76/89 MP: 4/4
  6289 | D:8      | Found a blossoming altar of Fedhas.
  6593 | D:8      | Reached skill level 9 in Unarmed Combat
  6693 | D:8      | Identified A Primer on the Arcane Arts
  6783 | D:8      | Found a radiant altar of Vehumet.
  7155 | D:9      | Found a staircase to the Lair.
  7217 | D:9      | Reached XP level 10. HP: 70/102 MP: 4/4
  7551 | D:9      | Found an ancient bone altar of Kikubaaqudgha.
  8011 | D:9      | Found a white marble altar of Elyvilon.
  8011 | D:9      | Noticed an angel
  8012 | D:9      | Found a runed door.
  8128 | D:9      | Reached skill level 10 in Unarmed Combat
  8301 | D:9      | Noticed a hill giant
  8310 | D:9      | Killed a hill giant
  8911 | Lair:1   | Entered Level 1 of the Lair of Beasts
  8963 | Lair:1   | HP: 5/106 [blink frog (11)]
  9559 | Lair:1   | Reached XP level 11. HP: 113/113 MP: 4/4
 10207 | D:9      | Reached skill level 1 in Evocations
 10335 | Lair:1   | Reached skill level 11 in Unarmed Combat
 10891 | Lair:2   | Noticed a seven-headed hydra
 10896 | Lair:2   | HP: 5/172 [eight-headed hydra (9)]
 10896 | Lair:2   | Slain by an eight-headed hydra

Action                   |  1- 3 |  4- 6 |  7- 9 | 10-12 || total
-------------------------+-------+-------+-------+-------++-------
Melee: Unarmed           |   104 |   170 |   422 |   311 ||  1007
  Use: Scroll            |       |       |     6 |     7 ||    13
       Potion            |       |       |       |     6 ||     6
 Stab: Sleeping          |       |       |     1 |       ||     1
  Eat: Chunk             |    12 |    22 |    35 |    37 ||   106
